 Dungeon Sprint DCSS version 0.32-a0-834-geaf45d8e21 (webtiles) character file.

Game seed: 2341489722523808728

48 rocky1 the Fighter (level 6, -1/91 HPs)
             Began as a Mountain Dwarf Fighter on Mar 26, 2024.
             Was an Initiate of Gozag.
             Slain by an ogre
             ... wielding a +0 giant club
              (14 damage)
             ... in the Dungeon (Sprint VI: "Thunderdome").
             The game lasted 00:02:35 (374 turns).

rocky1 the Fighter (Mountain Dwarf Fighter)          Turns: 374, Time: 00:02:36

Health: -1/91      AC: 10    Str: 24    XL:     6   Next: 19%
Magic:  6/6        EV:  7    Int: 12    God:    Gozag
Gold:   613        SH:  5    Dex:  9    Spells: 5/5 levels left

rFire   . . .        a - +0 war axe
rCold   + . .        c - +0 buckler
rNeg    . . .        l - +0 chain mail
rPois   .            (no helmet)
rElec   +            (no cloak)
rCorr   .            (no gloves)
SInv    .            (no boots)
Will    .....        p - amulet "Gonifeor" {Regen+ Str+4} Stlth
                     o - ring of the Last Dances {Fly rF+}
HPRegen 1.15/turn    q - ring "Belulum" {Ice rElec Int+3}
MPRegen 0.10/turn

%: no teleportation
@: berserking, flying, very quick
A: runic magic, artefact enchanting
a: Renounce Religion, Potion Petition, Call Merchant, Bribe Branch


You were in the Dungeon.
You worshipped Gozag.
Gozag was pleased with you.
You visited 1 branch You collected 928 gold pieces.
You spent 315 gold pieces at shops.

Inventory:

Hand Weapons
 a - a +0 war axe (weapon)
Armour
 b - a +0 scale mail
 c - a +0 buckler (worn)
 l - a +0 chain mail (worn)
Jewellery
 o - the ring of the Last Dances (left hand) {Fly rF+}
   (You bought it in a shop in the Dungeon)

   [ring of flight]

   rF+:       It protects you from fire.
   Fly:       It grants you flight.
 p - the amulet "Gonifeor" (around neck) {Regen+ Str+4}
   (You bought it in a shop in the Dungeon)

   [amulet of regeneration]

   Str+4:     It affects your strength (+4).
   Regen+:    It increases your rate of health regeneration.
 q - the ring "Belulum" (right hand) {Ice rElec Int+3}
   (You bought it in a shop in the Dungeon)

   [ring of ice]

   Ice:       It enhances your ice magic.
   Int+3:     It affects your intelligence (+3).
   rF-:       It makes you vulnerable to fire.
   rC+:       It protects you from cold.
   rElec:     It insulates you from electricity.
 r - the amulet "Ulobb" {Spirit rN+ Str+3}
   (You bought it in a shop in the Dungeon)

   [amulet of guardian spirit]

   Spirit:    It causes incoming damage to be divided between your reserves of
   health and magic.
   Str+3:     It affects your strength (+3).
   rN+:       It protects you from negative energy.
 s - the amulet "Nantayr" {Acrobat Int+6}
   (You bought it in a shop in the Dungeon)

   [amulet of the acrobat]

   Acrobat:   It increases your evasion while moving and waiting.
   Int+6:     It affects your intelligence (+6).
 t - the ring "Iniskuf" {rF- MP+9 Dex+5}
   (You bought it in a shop in the Dungeon)

   [ring of magical power]

   Dex+5:     It affects your dexterity (+5).
   rF-:       It makes you vulnerable to fire.
   MP+9:      It affects your magic capacity (+9).
 u - the ring of Springtime {*Corrode rElec Will+ Str+3 SInv}
   (You bought it in a shop in the Dungeon)

   [ring of see invisible]

   Str+3:     It affects your strength (+3).
   rElec:     It insulates you from electricity.
   Will+:     It increases your willpower.
   SInv:      It lets you see invisible.
   *Corrode:  It may corrode you when you take damage.
Wands
 e - a wand of flame (16) (quivered)
Scrolls
 j - 4 scrolls of blinking
 n - 3 scrolls of fog
Potions
 d - a potion of might
 f - 3 potions of heal wounds
 g - 4 potions of haste
 h - 2 potions of magic
 k - a potion of resistance


   Skills:
 + Level 8.1 Fighting
 + Level 7.9 Axes
 + Level 7.8 Armour
 + Level 1.2 Dodging
 + Level 7.1 Shields
 - Level 2.6 Evocations


You had 5 spell levels left.
You didn't know any spells.
Your spell library was empty.

Dungeon Overview and Level Annotations

Branches:
Dungeon (1/1)

Altars:
Cheibriados
Dithmenos
Fedhas
Gozag
Makhleb
Qazlal
Ru
Sif Muna
Trog
Uskayaw
Vehumet
Xom
Yredelemnul

Shops:
D *[=?**[(


Innate Abilities, Weirdness & Mutations

Your spellcasting is much less encumbered by armour.
You can use scrolls of enchantment on lesser artefacts.


Message History

Your Axes skill increases to level 7!
Your Shields skill increases to level 7!
You have reached level 6!
You now have 613 gold pieces (gained 117).
You see here a +0 giant spiked club.
You start waiting.
An ogre mage comes into view. It is wielding a +0 spear.
The ogre mage shouts!
An ogre comes into view. It is wielding a +0 giant club.
The ogre shouts!
An ogre comes into view. It is wielding a +0 giant club.
The ogre shouts!
An ogre comes into view. It is wielding a +0 giant club.
Aiming: Throw Flame
Press: ? - help, Q - select action, (/) - cycle Shift-Dir - straight line, f - ogre
Aim: an ogre, wielding a +0 giant club (translocational energy, 86% to hit)
Okay, then.
Okay, then.
The ogre mage casts a spell at you.
You suddenly lose the ability to move!
The ogre hits you with a +0 giant club!!
The ogre mage points at the ogre and mumbles some strange words.
The ogre seems to speed up.
You can move again.
Unknown command.
Unknown command.
You feel much better. The ogre hits you with a +0 giant club!
The ogre mage casts a spell at the ogre.
The ogre seems to speed up.
A red film seems to cover your vision as you go berserk!
You feel yourself moving faster!
You feel mighty!
The ogre hits you with a +0 giant club!! x2
* * * LOW HITPOINT WARNING * * *
The ogre hits you with a +0 giant club!
* * * LOW HITPOINT WARNING * * *
Unknown command.
You barely miss the ogre. You slash the ogre! You barely miss the ogre.
The ogre hits you with a +0 giant club!
You die...
Your body crumbles into a pile of gold.

#⌠..........# #.<.# #........
#⌠..........###...###........
##.............###...........
###∩........ß.# #.ß........
##∩___......###......__
######.ß.........ß.#
#§.[........)⌠#
###.).......### #..O@O....#
#..[.O..._# #_..O...._#
#∩.......∩# ##∩.....∩##
##.....## ##§§§## #####


You could see an ogre mage and 3 ogres.

Vanquished Creatures
  Sigmund (D)
  An ogre (D)
  Terence (D)
  Jessica (D)
  An orc (D)
  5 giant cockroaches (D)
  A ball python (D)
11 creatures vanquished.

Notes
Turn   | Place    | Note
-------+----------+-------------------------------------------
     0 | D        | rocky1 the Mountain Dwarf Fighter began the quest for the
                  | Orb.
     0 | D        | Reached XP level 1. HP: 19/19 MP: 1/1
     4 | D        | Found a sacrificial altar of Ru.
     4 | D        | Found a burning altar of Makhleb.
     5 | D        | Found a basalt altar of Yredelemnul.
     5 | D        | Found a shimmering blue altar of Sif Muna.
     5 | D        | Round 1.
     6 | D        | Found an opulent altar of Gozag.
     6 | D        | Found a snail-covered altar of Cheibriados.
     7 | D        | Found Oneablun's Timeless Talismans.
     7 | D        | Found a blossoming altar of Fedhas.
     7 | D        | Found a bloodstained altar of Trog.
     7 | D        | Found Nurghirol's Identification Station.
     8 | D        | Found Ygubamm's Jewellery.
     8 | D        | Found Faherhae's Advanced Armour.
    16 | D        | Became a worshipper of Gozag Ym Sagoz the Greedy
    42 | D        | Bought a clouded wooden ring for 45 gold pieces
    42 | D        | Identified the ring of the Last Dances {Fly rF+} (You
                  | bought it in a shop in the Dungeon)
    42 | D        | Bought a scintillating bone amulet for 45 gold pieces
    42 | D        | Identified the amulet "Gonifeor" {Regen+ Str+4} (You bought
                  | it in a shop in the Dungeon)
    42 | D        | Bought an ancient marble ring for 45 gold pieces
    42 | D        | Identified the ring "Belulum" {Ice rElec Int+3} (You bought
                  | it in a shop in the Dungeon)
    42 | D        | Bought a sparkling brass amulet for 45 gold pieces
    42 | D        | Identified the amulet "Ulobb" {Spirit rN+ Str+3} (You
                  | bought it in a shop in the Dungeon)
    42 | D        | Bought a scintillating crystal amulet for 45 gold pieces
    42 | D        | Identified the amulet "Nantayr" {Acrobat Int+6} (You bought
                  | it in a shop in the Dungeon)
    47 | D        | Bought a scintillating copper ring for 45 gold pieces
    47 | D        | Identified the ring "Iniskuf" {rF- MP+9 Dex+5} (You bought
                  | it in a shop in the Dungeon)
    47 | D        | Bought a faintly glowing golden ring for 45 gold pieces
    47 | D        | Identified the ring of Springtime {*Corrode rElec Will+
                  | Str+3 SInv} (You bought it in a shop in the Dungeon)
    60 | D        | Found a shadowy altar of Dithmenos.
    67 | D        | Reached skill level 4 in Fighting
    74 | D        | Arena points: 12 (+12) [x2]
    79 | D        | Found Osahu's Premium Goods.
   137 | D        | Round 2.
   139 | D        | Found a hide-covered altar of Uskayaw.
   139 | D        | Found a radiant altar of Vehumet.
   139 | D        | Found Midai's Weapon Rack.
   139 | D        | Found Luudoru's Miscellaneous Merchandise.
   139 | D        | Found Jizar's Basic Armour.
   139 | D        | Noticed Sigmund
   139 | D        | Noticed Jessica
   148 | D        | Killed Jessica
   149 | D        | Reached skill level 5 in Fighting
   149 | D        | Reached XP level 2. HP: 6/29 MP: 2/2
   149 | D        | Reached XP level 3. HP: 7/36 MP: 3/3
   151 | D        | Killed Sigmund
   152 | D        | Reached skill level 7 in Fighting
   152 | D        | Reached skill level 1 in Dodging
   152 | D        | Reached XP level 4. HP: 11/47 MP: 4/4
   152 | D        | Reached XP level 5. HP: 12/52 MP: 5/5
   214 | D        | Noticed Terence
   218 | D        | Killed Terence
   238 | D        | Found a stormy altar of Qazlal.
   255 | D        | Arena points: 48 (+36) [x3]
   256 | D        | Found a shimmering altar of Xom.
   319 | D        | Round 3.
   322 | D        | Noticed an ogre
   330 | D        | Killed an ogre
   331 | D        | Reached skill level 8 in Fighting
   331 | D        | Reached XP level 6. HP: 61/61 MP: 6/6
   366 | D        | Noticed an ogre mage
   368 | D        | Paralysed by an ogre mage for 4 turns
   374 | D        | Slain by an ogre

Illustrated notes

Levels and vault maps discovered:
D:        arena_sprint

Skill      XL: |  1  2  3  4  5 |
---------------+----------------+-----
Fighting       | 5 7 8 |  8.1
Axes           | 3 6 7 |  7.9
Armour         | 4 7 |  7.8
Shields        | 4 6 7 |  7.1
Dodging        | 1 |  1.2
Evocations     | 2 |  2.6

Action                     |  1- 3 |  4- 6 || total
---------------------------+-------+-------++-------
  Melee: War axe           |    23 |    13 ||    36
  Evoke: Wand              |     7 |     5 ||    12
    Use: Potion            |     1 |     2 ||     3
 Armour: Scale mail        |    24 |     4 ||    28
         Chain mail        |       |     6 ||     6
  Dodge: Dodged            |    16 |     8 ||    24
  Block: Buckler           |     2 |     4 ||     6

Table legend: (Time is in decaauts)
 A = Elapsed time spent in this place.
 B = Non-inter-level travel time spent in this place.
 C = Inter-level travel time spent in this place.
 D = Time resting spent in this place.
 E = Time spent auto-exploring this place.
 F = Levels seen in this place.
 G = Mean time per level.
                   A        B        C        D        E       F      G
               +--------+--------+--------+--------+--------+-----+--------+
         Total |    389 |    389 |      0 |    187 |      0 |   1 |  389.0 |
       Dungeon |    389 |    389 |      0 |    187 |      0 |   1 |  389.0 |
               +--------+--------+--------+--------+--------+-----+--------+

Top non-repeatable levels by time:
       D: 389 daAuts
